AoeStats
← JamesNewstedd

Fortress

507999564Analyzed
2v2 RM · 12d ago on Sep 20, 2026· 52m 46s· 4 players
Game mode
Random Map
Map size
Normal (6 player)
Population
200
Speed
Normal
Resources
Standard
Victory
Conquest
Starting age
Dark Age
Ending age
Imperial Age
RankedLock teamsTeams togetherTeam positionsShared explorationLock speedFull tech treeHidden civsTurbo modeCheats
Victory
Defeat
🇩🇪 Burgundians · Germany
1564
+14
🇩🇪 Britons · Germany
1548
+15
🇦🇷 Shu · Argentina
1534
-15
🇻🇳 Tatars · Vietnam
1520
-14
Cyndaquil
9:56 Feudal Age
9:13 Loom
10:37 Town Watch
10:41 Double-Bit Axe
10:39 Horse Collar
13:36 Castle Age
12:45 Gold Mining
14:52 Wheelbarrow
18:43 Imperial Age
16:59 Fletching
17:42 Bodkin Arrow
18:20 Crossbowman
20:05 Bow Saw
21:27 Bracer
23:11 Scale Mail Armor
23:12 Padded Archer Armor
27:15 Ballistics
28:04 Heavy Plow
BatDongSan
7:01 Feudal Age
11:12 Castle Age
9:19 Double-Bit Axe
10:01 Horse Collar
11:15 Loom
14:55 Wheelbarrow
15:50 Bow Saw
18:38 Heavy Plow
18:28 Gold Mining
21:15 Hand Cart
26:10 Imperial Age
23:56 Fletching
24:06 Padded Archer Armor
26:05 Bodkin Arrow
26:26 Leather Archer Armor
26:42 Bloodlines
26:33 Husbandry
27:17 Bracer
28:30 Ring Archer Armor
28:22 Ballistics
29:09 Conscription
30:00 Chemistry
28:56 Heavy Cavalry Archer
30:24 Silk Armor
30:22 Light Cavalry
31:10 Scale Barding Armor
31:15 Forging
31:25 Town Watch
32:49 Chain Barding Armor
32:24 Hussar
34:14 Fortified Wall
34:18 Caravan
35:04 Plate Barding Armor
35:05 Iron Casting
35:31 Elite Keshik
36:24 Timurid Siegecraft
38:47 Blast Furnace
38:45 Heavy Camel Rider
52:28 Elite Skirmisher
JamesNewstedd
9:01 Feudal Age
10:00 Double-Bit Axe
9:59 Horse Collar
12:46 Castle Age
13:54 Bow Saw
14:10 Heavy Plow
16:08 Wheelbarrow
19:47 Gold Mining
21:53 Gold Shaft Mining
22:00 Hand Cart
24:27 Imperial Age
22:10 Stone Mining
22:19 Loom
22:20 Town Watch
22:26 Fletching
23:10 Treadmill Crane
23:58 Bodkin Arrow
24:04 Padded Archer Armor
24:35 Ballistics
25:32 Conscription
25:14 Bracer
26:19 Chemistry
26:30 Two-Man Saw
26:38 Elite Longbowman
27:54 Yeomen
27:51 Leather Archer Armor
28:42 Warwolf
30:50 Hoardings
29:46 Sappers
30:47 Ring Archer Armor
30:24 Scale Barding Armor
31:11 Siege Engineers
31:18 Masonry
32:19 Guilds
36:27 Architecture
38:52 Guard Tower
38:48 Arrowslits
49:59 Caravan
Öl1ng
3:01 Double-Bit Axe
3:01 Horse Collar
8:01 Feudal Age
11:33 Castle Age
13:32 Bow Saw
13:45 Heavy Plow
14:36 Wheelbarrow
17:06 Gold Mining
18:29 Two-Man Saw
19:05 Town Watch
20:01 Hand Cart
20:09 Hand Cart
21:11 Loom
21:01 Cavalier
21:41 Husbandry
21:47 Scale Barding Armor
23:06 Chain Barding Armor
27:07 Imperial Age
26:07 Forging
26:39 Gold Shaft Mining
25:56 Stone Mining
27:31 Fletching
28:23 Plate Barding Armor
27:14 Paladin
29:01 Iron Casting
30:22 Conscription
30:40 Hoardings
31:18 Blast Furnace
30:09 Fletching
30:33 Caravan
30:44 Guilds
33:52 Bodkin Arrow
34:56 Crop Rotation
37:04 Treadmill Crane
37:38 Masonry
45:52 Scale Mail Armor
45:54 Squires
45:40 Arson
47:23 Burgundian Vineyards
47:41 Chain Mail Armor
47:49 Flemish Revolution
48:52 Plate Mail Armor
Connection lost

Rejoining the realm…

Still unreachable

The connection could not be restored.

Session expired

The server has moved on; the page needs a fresh start.